 Dungeon Crawl Stone Soup version 0.30.0-5-g1a98f26d00 (webtiles) character file.

Game seed: 17683981976157713657

(classic levelgen) 309052 shadowrider38 the Executioner (level 19, -20/226 (261) HPs)
             Began as a Minotaur Fighter on May 13, 2023.
             Was an Initiate of Gozag.
             Demolished by a doom hound (28 damage)
             ... led by Grunn
             ... on level 4 of the Realm of Zot.
             The game lasted 00:30:16 (38448 turns).

shadowrider38 the Executioner (Minotaur Fighter)   Turns: 38448, Time: 00:30:16

HP:   -20/226 (261) AC: 36    Str: 33    XL:     19   Next: 97%
MP:   0/18          EV: 16    Int:  3    God:    Gozag
Gold: 2147          SH: 14    Dex:  7    Spells: 18/18 levels left

rFire   + + .        b - +5 broad axe (vamp)
rCold   + . .        c - +7 buckler of Antique Creativity {rElec rF+ Will+ Dex-5}
rNeg    . . .        r - +9 plate armour {rPois}
rPois   +            F - +2 hat {Stlth+}
rElec   +            M - scarf {rC+ rF+}
rCorr   .            K - +2 pair of gloves
SInv    .            S - +2 pair of boots
Will    ++...        t - amulet of guardian spirit Stlth
                     N - +5 ring of evasion
HPRegen 0.57/turn    o - +6 ring of strength
MPRegen 0.16/turn

%: guardian spirit
@: berserking, gold aura, doom-hounded, heavily drained, very quick
A: horns 2, retaliatory headbutt, dopey 1, devolution 1
}: 3/15 runes: decaying, silver, gossamer
a: Renounce Religion, Potion Petition, Call Merchant, Bribe Branch


You were on level 4 of the Realm of Zot.
You worshipped Gozag.
Gozag was most pleased with you.
You visited 9 branches of the dungeon, and saw 43 of its levels.
You also visited: Bailey and Gauntlet.

You collected 13653 gold pieces.
You spent 1770 gold pieces at shops.
You paid 9736 gold pieces to Gozag.

Inventory:

Hand Weapons
 a - a +0 spectral broad axe
   (You took it off Asterion on level 4 of the Spider Nest)
 b - a +5 vampiric broad axe (weapon)
   (You took it off an orc warrior in a bailey)
Missiles
 i - 5 throwing nets (quivered)
 y - 18 curare-tipped darts
Armour
 c - the +7 buckler of Antique Creativity (worn) {rElec rF+ Will+ Dex-5}
   (You found it on level 2 of the Dungeon)

   Dex:       It affects your dexterity (-5).
   rF:        It protects you from fire.
   rElec:     It insulates you from electricity.
   Will:      It increases your willpower.
 r - a +9 plate armour of poison resistance (worn)
   (You found it in a bailey)
 F - a +2 hat of stealth (worn)
   (You found it on level 4 of the Spider Nest)
 K - a +2 pair of gloves (worn)
   (You found it on level 10 of the Dungeon)
 M - a scarf of resistance (worn)
   (You found it on level 10 of the Dungeon)
 S - a +2 pair of boots (worn)
   (You found it on level 13 of the Dungeon)
Jewellery
 o - a +6 ring of strength (right hand)
   (You found it on level 4 of the Swamp)
 p - a ring of protection from cold
   (You found it on level 2 of the Dungeon)
 t - an amulet of guardian spirit (around neck)
   (You took it off an orc on level 5 of the Dungeon)
 x - a ring of protection from fire
   (You found it on level 3 of the Lair of Beasts)
 N - a +5 ring of evasion (left hand)
   (You found it on level 5 of the Dungeon)
 P - the ring "Cuaxetselyo" {rElec rN+++ rCorr MP+9 Int-3}
   (You found it in a Gauntlet)

   [ring of magical power]

   Int:       It affects your intelligence (-3).
   rElec:     It insulates you from electricity.
   rN:        It renders you almost immune to negative energy.
   MP:        It affects your magic capacity (+9).
   rCorr:     It protects you from acid and corrosion.
 T - a +5 ring of evasion
   (You found it on level 4 of the Spider Nest)
Wands
 C - a wand of iceblast (42) {@v2}
   (You found it on level 6 of the Dungeon)
 E - a wand of paralysis (20)
   (You found it on level 7 of the Dungeon)
 U - a wand of digging (16) {@v3}
   (You found it in a Gauntlet)
 W - a wand of quicksilver (7) {@v1}
   (You found it in a Gauntlet)
 Z - a wand of mindburst (7)
   (You found it on level 3 of the Lair of Beasts)
Scrolls
 e - 15 scrolls of teleportation {@r3}
 j - 12 scrolls of fog
 l - a scroll of magic mapping {@r5}
 s - 4 scrolls of poison
 A - 12 scrolls of identify {@r1}
 D - a scroll of blinking {@r4}
 O - a scroll of fear
 Q - 2 scrolls of immolation
 R - 2 scrolls of vulnerability
 X - a scroll of summoning
 Y - a scroll of brand weapon
Potions
 d - 9 potions of might {@q3}
 f - 4 potions of lignification
 g - 9 potions of attraction
 h - 2 potions of invisibility
 k - 8 potions of mutation
 m - 2 potions of brilliance
 n - 18 potions of ambrosia
 q - 2 potions of berserk rage
 v - a potion of heal wounds {@q2}
 w - 7 potions of cancellation
 z - 10 potions of curing {@q1}
 I - 6 potions of haste {@q4}
 J - 2 potions of magic
 L - a potion of resistance {@q5}
Miscellaneous
 u - a phial of floods
   (You found it on level 1 of the Depths)
 B - a tin of tremorstones (2/2)
   (You found it on level 10 of the Dungeon)
 G - a phantom mirror (inert)
   (You found it in a bailey)
 H - a lightning rod (4/4)
   (You found it on level 10 of the Dungeon)
 V - a box of beasts
   (You found it in a Gauntlet)


   Skills:
 + Level 16.9 Fighting
 * Level 22.9 Axes
 + Level 17.0 Armour
 + Level 13.1 Dodging
 + Level 16.8 Shields
 * Level 15.5 Evocations


You had 18 spell levels left.
You didn't know any spells.
Your spell library was empty.

Dungeon Overview and Level Annotations

Branches:
Dungeon (15/15)            Temple (1/1) D:6            Lair (4/5) D:11
  Swamp (4/4) Lair:3       Spider (4/4) Lair:2        Slime (0/5) Lair:4
    Orc (2/2) D:10            Elf (0/3) Orc:2        Vaults (5/5) D:13
  Crypt (0/3) Vaults:3     Depths (4/4) D:15            Zot (4/5) Depths:4
 Bailey (visited)         Gauntlet (visited)

Altars:
Ashenzari
Cheibriados
Dithmenos
Elyvilon
Fedhas
Gozag
Hepliaklqana
Kikubaaqudgha
Makhleb
Nemelex Xobeh
Okawaru
Qazlal
Ru
Sif Muna
Trog
Uskayaw
Vehumet
Wu Jian
Xom
Yredelemnul
Zin
The Shining One
Jiyva

Shops:
D:3 =:(:   D:4 *   D:5 :   D:11 :([   D:15 (   Orc:1 (   Orc:2 *   Vaults:1 !

Portals:
Hell: Depths:3
Abyss: Depths:3
Ziggurat: Depths:1
Trove: D:12 (give 5 potions of resistance)


Innate Abilities, Weirdness & Mutations

You have a pair of horns on your head.
You reflexively headbutt those who attack you in melee.
You are dopey. (Int -2)
You have hidden genetic defects.


Message History

Grunn closely misses Grunn.
Grunn hits you from afar with a +4 glaive of draining!
You feel drained. You block the doom hound's attack. x2
Unknown command.
Grunn completely misses Grunn.
Grunn hits you with a +4 glaive of draining!
You feel drained.
The doom hound bites Grunn!
The doom hound claws Grunn!
The doom hound bites you!! You block the doom hound's attack.
The doom hound bites you but does no damage.
The doom hound claws you but does no damage.
Okay, then. [a] - 504 gold - resistance, might and haste [b] - 312 gold - heal wounds, curing and berserk rage [c] - 690 gold - lignification, might, resistance, heal wounds and magic Purchase which effect?
You feel much better.
You feel better.
A red film seems to cover your vision as you go berserk!
You feel yourself moving faster!
You feel mighty! You block the red draconian's attack.
Grunn hits the doom hound from afar with a +4 glaive of draining!!!
The doom hound bites you!!
The doom hound claws you but does no damage.
Grunn hits you with a +4 glaive of draining!!
You feel drained. The doom hound bites you!!
The doom hound claws you but does no damage.
You barely miss Grunn. You headbutt Grunn.
Grunn is lightly damaged.
You closely miss the doom hound. You barely miss the doom hound.
You closely miss the doom hound. You block the doom hound's attack. x3
The doom hound claws you but does no damage.
The red draconian hits you from afar with a +0 glaive!!
Grunn hits the doom hound from afar with a +4 glaive of draining!!
Grunn completely misses you. You furiously retaliate!
You headbutt Grunn!! The doom hound bites you!
The doom hound claws you but does no damage.
You slice Grunn!!
Grunn is lightly damaged.
You slash the doom hound! You hit the doom hound. You slice the doom hound!!
You block the doom hound's attack. The doom hound claws you!
You block the doom hound's attack. x2
A reaper comes into view. It is wielding a +5 scythe of flaming.
You hit Grunn but do no damage. You headbutt Grunn!
Grunn is moderately damaged.
You slash the doom hound! You barely miss the doom hound.
You slash the doom hound! The doom hound barely misses you.
You block the doom hound's attack. The red draconian barely misses you.
Grunn throws a stone.
The stone hits the doom hound!
Grunn closely misses you.
You barely miss Grunn. You headbutt Grunn.
Grunn is moderately damaged.
You hit the doom hound but do no damage.
You slice the doom hound!! You slash the doom hound!
You block the doom hound's attack. The doom hound closely misses you.
The doom hound completely misses you. You block the doom hound's attack.
You carve Grunn like a ham!!! Your headbutt misses Grunn.
Grunn is heavily damaged.
You hit the doom hound. You slash the doom hound! You slice the doom hound!!
The reaper hits you but does no damage.
The doom hound bites you but does no damage.
You block the doom hound's attack. You block the red draconian's attack.
Grunn throws a stone.
The stone misses the doom hound.
The stone hits the doom hound!
The doom hound dies!
Grunn hits you with a +4 glaive of draining!!!
* * * LOW HITPOINT WARNING * * *
You feel drained.
* * * LOW HITPOINT WARNING * * *
You slice Grunn!!
Grunn is heavily damaged.
You barely miss the doom hound. You slash the doom hound!
You block the doom hound's attack. The doom hound claws you!
* * * LOW HITPOINT WARNING * * *
You slash Grunn! You headbutt Grunn!!
Grunn is severely damaged.
You hit the doom hound. You slice the doom hound!!
The doom hound bites you but does no damage.
The doom hound claws you but does no damage.
The reaper hits you but does no damage.
You slice Grunn!! You headbutt Grunn.
Grunn is almost destroyed.
You slice the doom hound!! x2
You kill the doom hound!
You block the red draconian's attack.
Grunn hits Grunn with a +4 glaive of draining!!
The doom hound bites you but does no damage.
The doom hound claws you but does no damage.
Grunn bares his teeth.
Grunn hits Grunn but does no damage.
You catch the helpless Grunn completely off-guard!
You hit Grunn.
Grunn is almost destroyed.
You slash the doom hound!
The reaper hits you from afar with a +5 scythe of flaming!
* * * LOW HITPOINT WARNING * * *
The reaper burns you.
* * * LOW HITPOINT WARNING * * *
You open Grunn like a pillowcase!!!
You destroy Grunn!
You slice the doom hound!! The doom hound bites you!!
You die...
Your body crumbles into a pile of gold.

****,***##***,#.# *,*,,
****,,,,...,,,#.# *,**,
*,***,,,....,##.# #.#** *,*
**,,....##..## #.# * *,*
*,,.........# ##.# **,*
**,,.........## #..###
*,,***,,,.......d2.#########...#.
,,,,,,,,,......2$................
,,,,,,,,,......h@....)...........
*,,,,,,,,......g$........).......
*,,,,,,,$..........##.######.....
**,,,,,,,......######.#*** #####.
********##...#*,,,*#..,,***,,,##
***** #..#*,,,,,##..,**,,,,,#
**$*$***#..*,,,,,,,*...*,,,,,,,
*$$$$,,*#.,*,,,,,,,+...+,,,,,,,
***$$*$,$*,,*,,,,,,,*...#,,,,,,,


You could see a doom hound (ally target), a red draconian, 2 reapers and the
friendly Grunn (summoned, drained).

Vanquished Creatures
  A juggernaut (Depths:4)
  Sojobo (Vaults:2)
  Boris (Vaults:4)
  Margery (Depths:4)
  6 golden dragons
  A doom hound (Zot:4)
  Arachne (Spider:3)
  3 tentacled monstrosities
  Grunn (Zot:4)
  Asterion (Spider:4)
  3 quicksilver dragons
  2 shadow dragons (Zot:3)
  3 storm dragons
  2 fire giants
  A frost giant (Depths:1)
  A draconian knight (Zot:3)
  A balrug (Depths:3)
  An emperor scorpion (Spider:1)
  3 vault wardens
  A draconian scorcher (Zot:3)
  Aizul (Spider:4)
  3 broodmothers (Spider:4)
  5 ghost moths
  A draconian shifter (Zot:3)
  3 draconian stormcallers
  A war gargoyle (Vaults:5)
  3 draconian annihilators
  6 stone giants
  5 ironbound preservers
  2 very ugly things (Depths:3)
  3 green draconians
  5 ironbound thunderhulks
  2 eleionomae
  5 black draconians
  A purple draconian (Zot:4)
  2 red draconians
  A deep elf annihilator (Vaults:4)
  3 white draconians
  5 spark wasps
  A bunyip (Swamp:4)
  Azrael (Spider:3)
  A minotaur (Gauntlet)
  5 yellow draconians
  Snorg (Orc:1)
  2 eidola (Vaults:2)
  4 yaktaur captains
  Harold (Lair:2)
  2 entropy weavers
  14 vault guards
  5 fire dragons
  4 great orbs of eyes (Depths:2)
  Erolcha (D:11)
  2 rakshasas
  22 hydras
  3 ice dragons
  An ogre mage (Vaults:2)
  A spriggan air mage (Depths:1)
  3 ironbound frosthearts (Vaults:2)
  9 centaur warriors
  3 jorogumos
  A catoblepas (Gauntlet)
  7 boulder beetles
  Erica (Orc:1)
  4 alligators
  4 deep troll shamans
  3 radroaches
  A tengu warrior (Depths:2)
  7 death yaks
  4 two-headed ogres
  3 vampire magi
  A spriggan berserker (Depths:3)
  7 deep troll earth magi
  3 hell knights (Depths:4)
  2 sun demons (Depths:3)
  2 golden dragon zombies (D:15)
  2 pharaoh ants
  9 iron trolls
  A skyshark (Lair:4)
  4 skeletal warriors
  Lodul (D:11)
  2 orb spiders (Spider:4)
  2 glowing orange brains
  A spriggan druid (Swamp:4)
  22 deep trolls
  6 swamp dragons
  2 phantasmal warriors (Vaults:3)
  8 lindwurms
  2 necromancers
  5 wizards
  5 harpies (Vaults:1)
  10 ironbound convokers
  4 bog bodies
  A stone giant zombie (D:15)
  19 wolf spiders
  3 steelbarb worms
  An orc knight (Bailey)
  4 deep elf pyromancers
  9 ugly things
  An orc sorcerer (Orc:1)
  3 manticores
  An elephant (D:11)
  A fire giant skeleton (Vaults:1)
  13 moths of wrath
  A black mamba (Lair:4)
  5 cyclopes
  3 demonic crawlers
  10 vault sentinels
  A frost giant skeleton (D:15)
  9 cane toads
  2 torpor snails
  2 gargoyles (Gauntlet)
  2 kobold demonologists (D:12)
  An efreet (D:13)
  5 komodo dragons
  A yaktaur (shapeshifter) (D:15)
  4 yaktaurs
  A guardian mummy (D:15)
  5 tengu conjurers
  A queen bee (Lair:3)
  A polar bear (Lair:4)
  6 hornets
  A meliai (Spider:4)
  5 trolls
  17 tarantellas
  8 tyrant leeches
  An elf zombie (Vaults:1)
  4 blink frogs (Lair:3)
  Grinder (D:4)
  2 raiju (Gauntlet)
  A water elemental (Depths:1)
  19 culicivoras
  3 centaur simulacra (Gauntlet)
  4 spriggans
  3 shadows
  The ghost of Kranky the Shield-Bearer, an amateur TrFi (D:3)
  35 slime creatures
  11 jumping spiders
  4 wyverns
  A vampire (D:13)
  A spriggan (shapeshifter) (D:14)
  An ettin skeleton (Vaults:1)
  2 wraiths (Vaults:3)
  4 fire elementals (Spider:3)
  38 yaks
  5 basilisks
  18 redbacks
  2 steam dragons
  7 humans (D:13)
  11 vampire mosquitoes
  21 swamp worms
  A two-headed ogre zombie (D:10)
  2 wargs (Orc:2)
  3 acid dragons
  2 water moccasins
  2 hell hounds (Spider:3)
  16 orc warriors
  7 swamp drakes (Swamp:4)
  A sky beast (D:6)
  A black bear (Lair:4)
  2 ice beasts (D:7)
  15 wolves
  9 boggarts (D:15)
  18 ogres
  10 centaurs
  2 phantoms
  12 kobold brigands
  8 bullfrogs
  A gnoll sergeant (D:11)
  3 scorpions
  3 wights (D:10)
  A hornet simulacrum (D:15)
  2 troll zombies (D:10)
  24 killer bees (Lair:3)
  An electric eel (Lair:2)
  7 howler monkeys
  2 hounds
  11 orc priests
  A wyvern simulacrum (Gauntlet)
  6 iguanas
  Jessica (D:2)
  7 orc wizards
  12 hell rats (Lair:2)
  A lightning spire (Gauntlet)
  5 ogre zombies (D:10)
  6 gnolls
  9 adders
  4 shadow imps
  2 white imps
  2 ufetubi (D:4)
  4 worms
  3 dart slugs
  56 orcs
  16 endoplasms
  14 goblins
  10 hobgoblins
  3 quokkas
  6 ball pythons
  4 bats
  4 frilled lizards (D:2)
  3 goblin skeletons (D:10)
  A goblin zombie (D:10)
  2 hobgoblin zombies (D:10)
  27 kobolds
  An orc skeleton (D:10)
  18 orc zombies (D:10)
  2 rats
1057 creatures vanquished.

Vanquished Creatures (collateral kills)
  the Lernaean hydra (Swamp:4)
  A golden dragon (Vaults:5)
  A doom hound (Zot:4)
  A storm dragon (Vaults:5)
  An ironbound preserver (Vaults:5)
  An ogre mage (Vaults:5)
  A deep troll (Vaults:5)
  A necromancer (Depths:4)
8 creatures vanquished.

Vanquished Creatures (others)
  2 tentacled monstrosities (Vaults:5)
  2 titans (Vaults:5)
  A tengu reaver (Vaults:5)
  A storm dragon (Depths:4)
  A vault warden (Vaults:2)
  An ironbound preserver (Vaults:5)
  A hell knight (Vaults:5)
  An ironbound convoker (Vaults:5)
  A tarantella (Spider:3)
  19 spectral weapons
30 creatures vanquished.

Grand Total: 1095 creatures vanquished

Notes
Turn   | Place    | Note
-------+----------+-------------------------------------------
     0 | D:1      | shadowrider38 the Minotaur Fighter began the quest for the
                  | Orb.
     0 | D:1      | Reached XP level 1. HP: 19/19 MP: 0/0
   198 | D:1      | Reached XP level 2. HP: 27/27 MP: 1/1
   254 | D:1      | Reached skill level 3 in Axes
   998 | D:2      | Reached XP level 3. HP: 32/33 MP: 2/2
  1150 | D:2      | Noticed Jessica
  1159 | D:2      | Killed Jessica
  1160 | D:2      | Reached XP level 4. HP: 34/40 MP: 3/3
  1205 | D:2      | Reached skill level 4 in Axes
  1230 | D:2      | Identified the +7 buckler of Antique Creativity {rElec rF+
                  | Will+ Dex-5}
  1445 | D:3      | Found Onetep's Distillery.
  1451 | D:3      | Bought a potion of berserk rage for 55 gold pieces
  1480 | D:3      | Found Naca's Jewellery Shop.
  1553 | D:3      | Found Bikla's Book Shop.
  1589 | D:3      | Found a runed translucent gate.
  1589 | D:3      | Noticed Kranky's ghost (amateur TrFi)
  1590 | D:3      | Found a runed translucent gate.
  1591 | D:3      | Found a runed translucent gate.
  1598 | D:3      | Identified the +5 sling "Coliotie" {heavy, Drain Str+3
                  | SInv}
  1598 | D:3      | Identified the +4 scale mail "Moep" {Harm rC- rN+}
  1886 | D:3      | Reached XP level 5. HP: 43/47 MP: 4/4
  2127 | D:3      | Found Athekut's Antique Weapon Shoppe.
  2131 | D:3      | Found Xoqati Xiha's Book Shoppe.
  2137 | D:3      | Found a faded altar of an unknown god.
  2386 | D:4      | Noticed Grinder
  2394 | D:4      | Paralysed by Grinder for 3 turns
  2403 | D:4      | Killed Grinder
  2404 | D:4      | Reached skill level 5 in Fighting
  2404 | D:4      | Reached skill level 5 in Axes
  2404 | D:4      | Reached skill level 5 in Armour
  2404 | D:4      | Reached XP level 6. HP: 27/56 MP: 5/5
  2551 | D:4      | Reached skill level 5 in Shields
  2553 | D:4      | Reached skill level 6 in Axes
  2681 | D:4      | Reached XP level 7. HP: 61/61 MP: 6/6
  2713 | D:3      | Bought a runed war axe for 156 gold pieces
  2843 | D:4      | Found Vejoral's General Store.
  2891 | D:4      | Identified a scroll of acquirement
  2891 | D:4      | Acquired 782 gold pieces
  3100 | D:4      | Bought a potion of heal wounds for 70 gold pieces
  3100 | D:4      | Bought 4 curare-tipped darts for 67 gold pieces
  3143 | D:3      | Bought a potion of lignification for 33 gold pieces
  3143 | D:3      | Bought a potion of invisibility for 88 gold pieces
  3143 | D:3      | Bought a potion of curing for 33 gold pieces
  3143 | D:3      | Bought a potion of curing for 33 gold pieces
  3143 | D:3      | Bought a potion of cancellation for 88 gold pieces
  3143 | D:3      | Bought a potion of curing for 33 gold pieces
  3143 | D:3      | Bought a potion of attraction for 33 gold pieces
  3262 | D:3      | Killed Kranky's ghost
  3466 | D:5      | Entered Level 5 of the Dungeon
  3510 | D:5      | Reached skill level 7 in Axes
  3613 | D:5      | Reached XP level 8. HP: 52/70 MP: 7/7
  3944 | D:5      | Found Biymysaaffa's Book Boutique.
  4479 | D:6      | Reached skill level 8 in Axes
  4533 | D:6      | Found a staircase to the Ecumenical Temple.
  4584 | Temple   | Entered the Ecumenical Temple
  4753 | Temple   | Became a worshipper of Gozag Ym Sagoz the Greedy
  4942 | D:6      | Found a glowing golden altar of the Shining One.
  4951 | D:6      | Found a stormy altar of Qazlal.
  5472 | D:6      | Reached skill level 9 in Axes
  5736 | D:7      | Noticed a hornet
  5741 | D:7      | Killed a hornet
  5742 | D:7      | Reached XP level 9. HP: 68/79 MP: 8/8
  5972 | D:7      | Found a flagged portal.
  5993 | Bailey   | Entered a bailey
  6141 | Bailey   | Noticed an orc knight
  6147 | Bailey   | Killed an orc knight
  6148 | Bailey   | Reached skill level 10 in Axes
  6163 | Bailey   | Found a bloodstained altar of Trog.
  6656 | D:7      | Reached skill level 11 in Axes
  7022 | D:8      | Noticed a two-headed ogre
  7032 | D:8      | Killed a two-headed ogre
  7033 | D:8      | Reached XP level 10. HP: 90/90 MP: 9/9
  7311 | D:8      | You fall into a shaft and drop 2 floors!
  7311 | D:10     | Entered Level 10 of the Dungeon
  7423 | D:10     | Reached skill level 12 in Axes
  7723 | D:9      | Noticed a two-headed ogre
  7732 | D:9      | Killed a two-headed ogre
  8672 | D:10     | Reached skill level 13 in Axes
  8672 | D:10     | Reached XP level 11. HP: 94/99 MP: 10/10
  8683 | D:10     | Reached skill level 10 in Fighting
  9083 | D:10     | Reached skill level 10 in Armour
  9090 | D:10     | Reached skill level 10 in Shields
  9090 | D:10     | Reached skill level 1 in Evocations
  9294 | D:10     | Noticed a boulder beetle
  9307 | D:10     | Reached skill level 1 in Dodging
  9315 | D:10     | Killed a boulder beetle
  9549 | D:10     | Identified the ring of Xom's Bemusement {rN+ Str+3 Int+4
                  | Dex+6 Stlth-}
  9597 | D:10     | Found a staircase to the Orcish Mines.
  9850 | D:11     | Found Xequtz's Armour Emporium.
  9850 | D:11     | Found Tegitegy's Antique Weapon Emporium.
  9850 | D:11     | Found Bufaarenui's Book Emporium.
 10041 | D:11     | Noticed Erolcha
 10063 | D:11     | Killed Erolcha
 10557 | D:11     | Noticed Lodul
 10580 | D:11     | Killed Lodul
 10581 | D:11     | Reached skill level 14 in Axes
 10872 | D:11     | Found a staircase to the Lair.
 11012 | D:12     | Noticed a cyan ugly thing
 11021 | D:12     | Killed a cyan ugly thing
 11022 | D:12     | Reached XP level 12. HP: 101/108 MP: 11/11
 11291 | D:12     | Found a gate leading to a gauntlet.
 11324 | Gauntlet | Entered a Gauntlet
 11324 | Gauntlet | Found a transporter.
 11329 | Gauntlet | Noticed a catoblepas
 11357 | Gauntlet | Found a transporter.
 11360 | Gauntlet | Found a transporter.
 11361 | Gauntlet | Found a transporter.
 11367 | Gauntlet | Found a runed translucent gate.
 11367 | Gauntlet | Found a runed translucent gate.
 11367 | Gauntlet | Found a runed translucent gate.
 11369 | Gauntlet | Found a transporter.
 11372 | Gauntlet | Found a transporter.
 11373 | Gauntlet | Found a transporter.
 11383 | Gauntlet | Found a transporter.
 11385 | Gauntlet | Found a transporter.
 11386 | Gauntlet | Found a transporter.
 11393 | Gauntlet | Found a runed translucent door.
 11395 | Gauntlet | Found a transporter.
 11398 | Gauntlet | Found a transporter.
 11399 | Gauntlet | Found a transporter.
 11407 | Gauntlet | Found a transporter.
 11408 | Gauntlet | Noticed a death yak
 11431 | Gauntlet | Noticed a death yak
 11432 | Gauntlet | Noticed a death yak
 11433 | Gauntlet | Noticed a death yak
 11500 | Gauntlet | Killed a catoblepas
 11717 | Gauntlet | Reached skill level 5 in Evocations
 12110 | Gauntlet | Identified the ring "Cuaxetselyo" {rElec rN+++ rCorr MP+9
                  | Int-3}
 12196 | Gauntlet | Killed a death yak
 12200 | Gauntlet | Killed a death yak
 12209 | Gauntlet | Killed a death yak
 12225 | Gauntlet | Killed a death yak
 12239 | Gauntlet | Identified the ring of Psychosis {rN+ Int+3 SInv}
 12398 | Gauntlet | Identified the ring of Reluenot {rC- Str+5 Slay+4}
 12398 | Gauntlet | Noticed a minotaur
 12404 | Gauntlet | Killed a minotaur
 12405 | Gauntlet | Reached skill level 15 in Axes
 12705 | D:12     | Noticed a seven-headed hydra
 12906 | Lair:1   | Entered Level 1 of the Lair of Beasts
 13004 | Lair:2   | Reached skill level 5 in Dodging
 13111 | Lair:2   | Noticed Harold
 13126 | Lair:2   | Killed Harold
 13141 | Lair:2   | Noticed a death yak
 13142 | Lair:2   | Noticed a death yak
 13160 | Lair:2   | Killed a death yak
 13169 | Lair:2   | Killed a death yak
 13289 | Lair:2   | Found a hole to the Spider Nest.
 13422 | Lair:2   | Reached XP level 13. HP: 94/117 MP: 12/12
 15390 | Lair:3   | Reached skill level 16 in Axes
 15714 | Lair:3   | Found a staircase to the Swamp.
 16191 | Lair:4   | Reached XP level 14. HP: 127/127 MP: 13/13
 16219 | Lair:4   | Found a staircase to the Slime Pits.
 16219 | Lair:4   | Found a viscous altar of Jiyva.
 17379 | Orc:1    | Entered Level 1 of the Orcish Mines
 17508 | Orc:1    | Found Buxown's Antique Weapon Shoppe.
 17529 | Orc:1    | Noticed Snorg
 17529 | Orc:1    | Noticed Erica
 17537 | Orc:1    | Killed Erica
 17549 | Orc:1    | Killed Snorg
 17836 | Orc:1    | Reached skill level 17 in Axes
 18020 | Orc:2    | Entered Level 2 of the Orcish Mines
 18377 | Orc:2    | Found Tour's General Store.
 18396 | Orc:2    | Found a staircase to the Elven Halls.
 18414 | Orc:2    | Bought a potion of mutation for 136 gold pieces
 18414 | Orc:2    | Bought a +4 hand axe of flaming for 465 gold pieces
 18751 | D:12     | Reached XP level 15. HP: 96/134 MP: 14/14
 18846 | D:12     | Found a portal to a secret trove of treasure.
 19504 | D:13     | Identified the +1 hand axe of Kasainil {drain, Drain rPois
                  | rF+}
 19914 | D:13     | Found a gate to the Vaults.
 21134 | D:15     | Entered Level 15 of the Dungeon
 21164 | D:15     | Reached skill level 10 in Evocations
 21237 | D:15     | Found a staircase to the Depths.
 22251 | D:15     | Identified the +8 rapier "Todeemm" {flame, Fly rN+ Str+6
                  | Dex-2}
 22307 | D:15     | Found Paoman's Weapon Shop.
 22346 | D:15     | Reached skill level 18 in Axes
 23040 | Swamp:1  | Entered Level 1 of the Swamp
 23378 | D:3      | Bought a ring of flight for 192 gold pieces
 24081 | Swamp:4  | Entered Level 4 of the Swamp
 24301 | Swamp:4  | Reached XP level 16. HP: 91/145 MP: 13/15
 24850 | Swamp:4  | Noticed the 27-headed Lernaean hydra
 24852 | Swamp:4  | Killed the 27-headed Lernaean hydra
 24998 | Swamp:4  | Got a decaying rune of Zot
 25358 | Swamp:4  | Identified the staff of air "Nutas" {rElec Str+2}
 25564 | Spider:1 | Entered Level 1 of the Spider Nest
 25588 | Spider:1 | Reached skill level 19 in Axes
 26085 | Spider:3 | Noticed Arachne
 26107 | Spider:3 | Killed Arachne
 26166 | Spider:3 | Noticed Azrael
 26190 | Spider:3 | Killed Azrael
 26448 | Spider:4 | Entered Level 4 of the Spider Nest
 26708 | Spider:4 | Noticed Asterion
 26726 | Spider:4 | Killed Asterion
 26926 | Spider:4 | Noticed Aizul
 26943 | Spider:4 | Killed Aizul
 27447 | Spider:4 | Reached skill level 10 in Dodging
 27896 | Spider:4 | Reached XP level 17. HP: 95/154 MP: 10/16
 28262 | Spider:4 | Got a gossamer rune of Zot
 28575 | Spider:3 | Reached skill level 20 in Axes
 29175 | Depths:1 | Entered Level 1 of the Depths
 29203 | Depths:1 | Found a one-way gateway to a ziggurat.
 29532 | Vaults:1 | Entered Level 1 of the Vaults
 29590 | Vaults:1 | Reached skill level 15 in Armour
 29591 | Vaults:1 | Reached skill level 15 in Fighting
 30020 | Vaults:1 | Found Gimiaxtach's Distillery.
 30026 | Vaults:1 | Bought a potion of magic for 128 gold pieces
 30026 | Vaults:1 | Bought a potion of haste for 160 gold pieces
 30312 | Vaults:2 | Reached skill level 15 in Shields
 30658 | Vaults:2 | Noticed Sojobo
 30672 | Vaults:2 | Paralysed by an air elemental for 1 turns
 30678 | Vaults:2 | Paralysed by an air elemental for 1 turns
 30681 | Vaults:2 | Paralysed by an air elemental for 1 turns
 30898 | Vaults:2 | Paralysed by an air elemental for 1 turns
 31266 | Vaults:2 | Killed Sojobo
 31900 | Vaults:2 | Reached XP level 18. HP: 110/163 MP: 12/17
 32661 | Vaults:3 | Found a staircase to the Crypt.
 32682 | Vaults:3 | Reached skill level 21 in Axes
 33006 | Vaults:4 | Noticed Boris
 33019 | Vaults:4 | Killed Boris
 33070 | Vaults:5 | Entered Level 5 of the Vaults
 33114 | Vaults:5 | Noticed a tentacled monstrosity
 33118 | Vaults:5 | Noticed a tentacled monstrosity
 33125 | Vaults:5 | Killed a tentacled monstrosity
 33126 | Vaults:5 | Noticed a golden dragon
 33132 | Vaults:5 | Got a silver rune of Zot
 33137 | Vaults:5 | Killed a golden dragon
 33156 | Vaults:5 | Noticed a tentacled monstrosity
 33182 | Vaults:5 | Noticed a tentacled monstrosity
 34098 | Depths:2 | Found a bloodstained altar of Trog.
 34978 | Depths:3 | Found a gateway to Hell.
 34989 | Depths:3 | Reached XP level 19. HP: 127/170 MP: 12/18
 35114 | Depths:3 | Noticed a golden dragon
 35130 | Depths:3 | Killed a golden dragon
 35131 | Depths:3 | Reached skill level 22 in Axes
 35338 | Depths:3 | Found a one-way gate to the infinite horrors of the Abyss.
 35386 | Depths:4 | Entered Level 4 of the Depths
 35386 | Depths:4 | Noticed a juggernaut
 35406 | Depths:4 | Killed a juggernaut
 35652 | Depths:4 | Noticed Margery
 35667 | Depths:4 | Killed Margery
 36224 | Depths:4 | Found a gate to the Realm of Zot.
 36334 | Zot:1    | Entered Level 1 of the Realm of Zot
 36340 | Zot:1    | Noticed a golden dragon
 36354 | Zot:1    | Killed a golden dragon
 36378 | Zot:2    | Noticed a golden dragon
 36389 | Zot:2    | Killed a golden dragon
 36390 | Zot:2    | Reached skill level 15 in Evocations
 36874 | Zot:3    | Noticed a golden dragon
 36887 | Zot:3    | Killed a golden dragon
 36903 | Zot:3    | Noticed a golden dragon
 37160 | Zot:3    | Noticed a golden dragon
 37162 | Zot:3    | Killed a golden dragon
 37174 | Zot:3    | Killed a golden dragon
 37470 | Zot:3    | Gained mutation: You have hidden genetic defects.
                  | [mutagenic glow]
 37496 | Zot:3    | Gained mutation: You are dopey. (Int -2) [mutagenic glow]
 38430 | Zot:4    | Noticed Grunn
 38432 | Zot:4    | Noticed a doom hound
 38433 | Zot:4    | Noticed a doom hound
 38433 | Zot:4    | Noticed a doom hound
 38443 | Zot:4    | Killed a doom hound
 38446 | Zot:4    | Killed a doom hound
 38447 | Zot:4    | HP: 8/226 [reaper/+5 scythe of flaming[a doom hound] (7)]
 38448 | Zot:4    | Killed Grunn
 38448 | Zot:4    | Demolished by a doom hound

Illustrated notes

Levels and vault maps discovered:
D:1:      dpeg_arrival_round_c, layout_basic
D:2:      layout_rooms, minmay_joined_circles, uniq_jessica
D:3:      cheibrodos_helix_gallery, layout_basic,
          hellmonk_ecumenical_altar_lost_god, biasface_ghost_orc_armoury,
          serial_shops, shop, shop, shop, shop, shop
D:4:      layout_rooms, serial_demonic, serial_demonic_b, serial_demonic_g,
          serial_demonic_c, serial_demonic_f, serial_shops,
          nicolae_shop_window_shopping, grunt_ministairs_4, uniq_grinder
D:5:      layout_gridville, serial_bayou, serial_bayou_shore_b,
          serial_bayou_lake_a, serial_bayou_pond_b, serial_bayou_pond_c,
          serial_bayou_pond_c, serial_bayou_pond_e, serial_shops, shop
D:6:      layout_basic, mainiacjoe_overflow_swirl,
          minmay_temple_entry_antechambers, hex_intersection
D:7:      layout_loops_ring, enter_bailey_3
D:8:      layout_basic
D:9:      layout_loops_corners
D:10:     layout_loops_corners, zombieorc2_lemuel, lightli_fourway_metalbox
D:11:     layout_irregular_city, david_lair_generic,
          nicolae_shop_distant_corner_stores, uniq_lodul, uniq_erolcha
D:12:     layout_long_grid, gauntlet_entry_generic, enter_trove_1,
          kennysheep_generic_room_5
D:13:     layout_cave_pools, ximxim_vaults_locker_room
D:14:     layout_loops_corners
D:15:     gammafunk_depths_entry_grave, layout_basic, serial_shops, shop,
          grunt_ministairs_13, drop_trap, minmay_checkerbox
Temple:   nicolae_temple_bog_church
Lair:1:   layout_gridlike, ebering_ghost_disaster_area
Lair:2:   layout_chaotic_city, spider_nest_entry_web_field,
          nicolae_lair_lindhole, infiniplex_staircase_pool, uniq_harold
Lair:3:   layout_loops_ring, palyth_hydra_swamp_entry, special_room
          [special_room_bee], st_stairs_8, serial_bayou_pond_d,
          lemuel_fruit_tree
Lair:4:   layout_regular_city, slime_entry_1, grunt_megastairs_2,
          serial_bayou_shore_a
Swamp:1:  layout_falls_marsh, basic_altar
Swamp:2:  nicolae_swamp_flooded_prison, layout_basic_swamp, serial_swamp_ruin,
          evilmike_swamp_ruin_house_1, evilmike_swamp_ruin_house_2,
          evilmike_swamp_ruin_rubble_2, infiniplex_staircase_pool_2
Swamp:3:  layout_basic_swamp, evilmike_swamp_ruin_house_4, grunt_ruined_hall,
          uniq_mara
Swamp:4:  swamp_basic_johnstein, layout_basic_swamp, swamp_pool2, worms_lemuel
Spider:1: layout_chambers, uniq_nikola
Spider:2: layout_spider_delve, gammafunk_ghost_cemetery,
          nicolae_spider_wall_of_niches, hangedman_spider_tarantella_strand,
          uniq_kirke
Spider:3: layout_spider_delve, hellmonk_test_site, uniq_arachne, uniq_azrael,
          uniq_louise, uniq_jorgrun
Spider:4: grunt_spider_rune_parallel, uniq_asterion, uniq_aizul
Orc:1:    layout_caves, serial_shops, nicolae_shop_hallway_plus,
          nicolae_orc_stony_grotto, rock_pile, uniq_snorg, uniq_erica
Orc:2:    st_orc_elflike, layout_caves, serial_shops, shop
Vaults:1: hangedman_vaults_capsules, v_misc_28, nicolae_vaults_halls_meeting,
          nicolae_vaults_storage_room_statues, nicolae_vaults_little_squares_3,
          v_misc_12, nicolae_vaults_big_angled_halls, v_misc_22,
          nicolae_vaults_network_star, grunt_vaults_funnel,
          nicolae_vaults_closet_pinwheel_4, vaults_dpeg_ring, v_misc_8,
          layout_vaults_big_room, serial_shops, nicolae_shop_crystal
Vaults:2: gammafunk_ghost_grave, nicolae_vaults_stand_back,
          hangedman_vaults_unwind, nicolae_vaults_more_shelving_1, v_misc_3,
          nicolae_vaults_closet_pinwheel_5, nicolae_vaults_what_the_h,
          nicolae_vaults_layer_cake_slice, v_misc_32, nicolae_vaults_asterisk,
          nicolae_vaults_ring_of_whatevers, nicolae_vaults_variable_pillar_hall,
          layout_vaults_omnicross, serial_shops, bzr_entry_safe, uniq_sojobo
Vaults:3: v_alt_pattern_3, v_misc_23, vaults_room_pool,
          ontoclasm_vaults_loading_screen, nicolae_vaults_house_2,
          v_alt_pattern_5, nicolae_vaults_diamond_1, vaults_room_fours,
          nicolae_vaults_little_squares_3, nicolae_vaults_house_2,
          layout_vaults_omnigrid, minmay_crypt_entry_simple_round, uniq_donald
Vaults:4: ontoclasm_vaults_misaligned, ontoclasm_vaults_spin, v_misc_12,
          nicolae_vaults_octothorpe, dpeg_vaults_monster_row,
          nicolae_vaults_little_ls, vaults_room_hangedman_quadrants,
          nicolae_vaults_wine_cellar, v_misc_4, v_misc_26,
          ontoclasm_vaults_ligature, nicolae_vaults_specimen_jars,
          nicolae_vaults_tangram_1, layout_vaults_omnibox, uniq_boris
Vaults:5
Depths:1: layout_cave_pools, enter_ziggurat_f, roderic_roman_lattice,
          hell_entry, chequers_serial_rivers_micro_d, minmay_hidden_floor,
          serial_bayou_shore_b, serial_bayou_shore_b
Depths:2: minmay_three_patterns, layout_cave_shapes, bloody_trog,
          rand_demon_pan_entry_8, hell_entry, minislime_mu
Depths:3: minmay_mutant_horseshoe, layout_basic, lightli_too_deep,
          hangedman_abyss_entry_splay, uniq_frederick
Depths:4: evilmike_zot_entry_argh, layout_gridlike, hell_entry,
          grunt_decor_junction, uniq_margery
Zot:1:    layout_basic, grunt_megastairs_4
Zot:2:    layout_onion, grunt_megastairs_1
Zot:3:    layout_misc_corridors, uniq_josephina
Zot:4:    kennysheep_six_static_rooms, layout_cathedral_of_symmetry,
          st_large_dragon_hoard_2, uniq_grunn

Skill      XL: |  1  2  3  4  5  6  7  8  9 10 11 12 13 14 15 16 17 18 19 |
---------------+----------------------------------------------------------+-----
Axes           | 3 4 5 6 7 9 11 13 14 15 16 17 18 19 20 21 22 | 22.9
Armour         | 4 5 6 7 8 9 10 11 12 13 14 15 16 17 | 17.0
Fighting       | 4 5 6 7 8 9 10 11 12 13 14 15 16 | 16.9
Shields        | 4 5 6 7 8 9 10 11 12 13 14 15 16 | 16.8
Evocations     | 4 6 8 9 10 12 13 14 15 | 15.5
Dodging        | 3 5 6 7 8 10 11 12 13 | 13.1

Action                     |  1- 3 |  4- 6 |  7- 9 | 10-12 | 13-15 | 16-18 | 19-21 || total
---------------------------+-------+-------+-------+-------+-------+-------+-------++-------
  Melee: War axe           |    58 |    77 |   179 |       |       |       |       ||   314
         Headbutt          |    10 |    15 |    41 |   139 |   245 |   304 |    99 ||   853
         Broad axe         |       |       |    18 |   503 |   907 |   999 |   322 ||  2749
         Morningstar       |       |       |       |       |    44 |       |       ||    44
         Hand axe          |       |       |       |       |    33 |    61 |       ||    94
  Throw: Dart              |       |       |     1 |     1 |     3 |       |       ||     5
 Invoke: Potion Petition   |       |       |       |     2 |     4 |     4 |     7 ||    17
         Bribe Branch      |       |       |       |       |       |     1 |       ||     1
  Evoke: Phantom mirror    |       |       |       |     2 |       |     3 |     2 ||     7
         Box of beasts     |       |       |       |     1 |       |       |       ||     1
         Wand              |       |       |       |       |       |       |     2 ||     2
    Use: Scroll            |       |       |    20 |       |    20 |    12 |     5 ||    57
         Potion            |       |       |     2 |       |     1 |     4 |     6 ||    13
   Stab: Distracted        |       |       |       |     2 |     9 |    19 |     9 ||    39
         Invisible         |       |       |       |     3 |       |     8 |       ||    11
         Confused          |       |       |       |       |       |       |     3 ||     3
 Armour: Scale mail        |    19 |    24 |       |       |       |       |       ||    43
         Fire dragon scale |       |    23 |    80 |       |       |       |       ||   103
         Plate armour      |       |       |    19 |   315 |   709 |   660 |   158 ||  1861
  Dodge: Dodged            |    27 |    53 |   106 |   337 |   681 |   594 |   170 ||  1968
  Block: Buckler           |     8 |    22 |    53 |   184 |   328 |   518 |   197 ||  1310
